 Dungeon Sprint DCSS version 0.21.1-1-g345015f (webtiles) character file.

51653 Fang the Axe Maniac (level 14, -1/148 HPs)
             Began as a Minotaur Berserker on Apr 27, 2018.
             Was the Champion of Trog.
             Slain by a shadow dragon (3 damage)
             ... in the Dungeon (Sprint V: "Ziggurat Sprint") on Apr 28, 2018.
             The game lasted 00:16:51 (2863 turns).

Fang the Axe Maniac (Minotaur Berserker)            Turns: 2863, Time: 00:16:52

Health: -1/148     AC: 22    Str: 31    XL:     14   Next: 24%
Magic:  4/4        EV: 17    Int:  9    God:    Trog [******]
Gold:   0          SH:  0    Dex: 16    Spells: 13/13 levels left

rFire    + . .     SeeInvis .   a - +8 Wrath of Trog {antimagic, *Rage}
rCold    + . .     Gourm    .   (shield currently unavailable)
rNeg     . . .     Faith    .   E - +6 scale mail "Vinauck" {rElec Stlth+}
rPois    +         Spirit   .   (helmet restricted)
rElec    +         Reflect  .   D - scarf {rC+ rF+}
rCorr    .         Harm     .   b - +2 pair of gloves of Tartarus {MR- Int+5}
MR       .....     Rnd*Rage +   C - +1 pair of boots of the Louse {*Contam +Blink rPois Stlth+} Stlth +++.......NoTele +
                                K - amulet of the Blind Eye {Inacc Dex+4}
HPRegen  0.34/turn              G - ring of flight
MPRegen  0.09/turn              F - +6 ring of strength

@: berserk cooldown, slowed, studying Unarmed Combat, drained, very slow
A: retaliatory headbutt, horns 2, frail 1
a: Berserk, Trog's Hand, Brothers in Arms, Burn Spellbooks, Renounce Religion,
Evoke Blink, Evoke Flight


You were in the Dungeon.
You worshipped Trog.
Trog was exalted by your worship.
You were very hungry.

You visited 1 branch

Inventory:

Hand Weapons
 a - the +8 Wrath of Trog (weapon) {antimagic, *Rage}
   (You found it in the Dungeon)

   It reduces the magical energy of the wielder, and disrupts the spells and
   magical abilities of those hit.
   Natural abilities and divine invocations are not affected.
   It may make you go berserk in combat.
 l - a +5 demon trident
Missiles
 A - 5 needles of sleeping (quivered)
Armour
 b - the +2 pair of gloves of Tartarus (worn) {MR- Int+5}
   (You found it in the Dungeon)

   It affects your intelligence (+5).
   It affects your resistance to hostile enchantments.
 C - the +1 pair of boots of the Louse (worn) {*Contam +Blink rPois Stlth+}
   (You found it in the Dungeon)

   It protects you from poison.
   It lets you blink.
   It causes magical contamination when unequipped.
   It makes you more stealthy.
 D - a scarf of resistance (worn)
 E - the +6 scale mail "Vinauck" (worn) {rElec Stlth+}
   (You found it in the Dungeon)

   It insulates you from electricity.
   It makes you more stealthy.
Jewellery
 F - a +6 ring of strength (right hand)
 G - a ring of flight (left hand)
 K - the amulet of the Blind Eye (around neck) {Inacc Dex+4}
   (You found it in the Dungeon)

   [amulet of inaccuracy]

   It reduces the accuracy of all your attacks.
   It affects your dexterity (+4).
Wands
 x - a wand of disintegration (7)
 y - a wand of iceblast (7)
 z - a wand of acid (7)
Scrolls
 i - 4 scrolls of blinking
 m - 7 scrolls of fog
 n - 2 scrolls of holy word
 o - 5 scrolls of identify
 p - 5 scrolls of remove curse
 q - 2 scrolls of fear
 u - 3 scrolls of brand weapon
Potions
 d - 10 potions of curing
 e - 12 potions of heal wounds
 f - 6 potions of haste
 g - 7 potions of magic
 h - 3 potions of berserk rage
 r - 2 potions of brilliance
 s - 2 potions of invisibility
 t - 4 potions of resistance
 v - 5 potions of agility
 w - 8 potions of might
Books
 j - a manual of Unarmed Combat
Miscellaneous
 k - 3 boxes of beasts
 B - a phial of floods
 H - a lamp of fire
 J - a sack of spiders
 L - a lamp of fire
Comestibles
 c - 7 rations


   Skills:
 + Level 26.1(24.5) Fighting
 O Level 27(25.3) Axes
 + Level 6.2(18.0) Polearms
 + Level 1.5(0.5) Throwing
 + Level 15.9(14.6) Armour
 + Level 10.6(9.5) Dodging
 + Level 4.8(3.8) Stealth


You had 13 spell levels left.
You didn't know any spells.

Dungeon Overview and Level Annotations

Branches:
Dungeon (1/1)

Altars:
Ashenzari
Cheibriados
Dithmenos
Elyvilon
Fedhas
Gozag
Hepliaklqana
Kikubaaqudgha
Makhleb
Nemelex Xobeh
Okawaru
Qazlal
Ru
Sif Muna
Trog
Uskayaw
Vehumet
Wu Jian
Xom
Yredelemnul
Zin
The Shining One
Beogh
Jiyva
Lugonu

Annotations:
D 1 transporter


Innate Abilities, Weirdness & Mutations

You reflexively headbutt those who attack you in melee.
You have a pair of horns on your head.
You are frail. (-10% HP)


Message History

You headbutt the stone giant! The vault guard completely misses you.
You furiously retaliate!
You headbutt the vault guard, but do no damage.
The shadow dragon bites you!
* * * LOW HITPOINT WARNING * * *
You feel drained.
* * * LOW HITPOINT WARNING * * *
The shadow dragon claws you but does no damage.
The shadow dragon closely misses you. The vault guard barely misses you.
You feel much better. The vault guard barely misses you.
The vault guard hits you with a great mace!
* * * LOW HITPOINT WARNING * * *
The vault guard hits you with a battleaxe!
* * * LOW HITPOINT WARNING * * *
The stone giant hits you!
* * * LOW HITPOINT WARNING * * *
The shadow dragon bites you!
* * * LOW HITPOINT WARNING * * *
You feel drained.
You die...

▓......©......▓...).))}.
▓▓▓▓▓▓▓▓▓▓▓▓▓▓▓.........
▓.....8©8.....▓.........
▓.).}|}))[}.).▓.........
▓..))[)[):|:..▓....))...
▓......C......▓..▓.....▓
▓....ppppc....▓.▓▓▓...▓▓
▓....cpppC....▓..▓.....▓
▓....cp@pC....▓.....©...
▓.....DpC.....▓▓▓▓▓▓▓▓▓▓
▓..▓......(▓..▓...8©8...
▓ ▓▓..(..▓▓ ▓..}|.)...
▓..▓.......▓..▓..|).[=..
▓.............▓.........
▓......©......▓.........
▓▓▓▓▓▓▓▓▓▓▓▓▓▓▓...).....
▓..)))....


You could see a shadow dragon, 4 stone giants, 10 vault guards and 3 yaktaurs.

Vanquished Creatures
  2 Orb Guardians (D)
  A storm dragon (D)
  4 nagarajas (D)
  A fire giant (D)
  A very ugly thing (D)
  2 green draconians (D)
  A white draconian (D)
  3 black draconians (D)
  4 red draconians (D)
  2 vault guards (D)
  5 naga warriors (D)
  4 two-headed ogres (D)
  5 anacondas (D)
  An alligator (shapeshifter) (D)
  A thrashing horror (D)
  A soul eater (D)
  A lindwurm (shapeshifter) (D)
  A shining eye (shapeshifter) (D)
  5 cyclopes (D)
  5 ugly things (D)
  11 naga magi (D)
  4 black mambas (D)
  2 guardian serpents (D)
  A guardian serpent (shapeshifter) (D)
  A spiny frog (D)
  A rime drake (shapeshifter) (D)
  3 trolls (D)
  A merfolk (shapeshifter) (D)
  A hippogriff (shapeshifter) (D)
  A slime creature (D)
  A ynoxinul (D)
  2 yaks (D)
  A basilisk (shapeshifter) (D)
  A hog (shapeshifter) (D)
  3 nagas (D)
  A soldier ant (shapeshifter) (D)
  8 water moccasins (D)
  A floating eye (D)
  A floating eye (shapeshifter) (D)
  An eye of draining (D)
  A necrophage (D)
  5 ogres (D)
  2 phantoms (D)
  2 eyes of draining (shapeshifter) (D)
  3 centaurs (D)
  A wight (D)
  A quasit (D)
  An iron imp (D)
  An iguana (D)
  10 adders (D)
  A shadow imp (D)
  An ooze (D)
  3 adder zombies (D)
  3 adder skeletons (D)
  3 spectral bats (D)
  6 ball pythons (D)
  3 bat skeletons (D)
  A bat zombie (D)
  A jackal (D)
  A ball python skeleton (D)
  A jackal skeleton (D)
  2 leopard gecko zombies (D)
149 creatures vanquished.

Notes
Turn   | Place    | Note
-------+----------+-------------------------------------------
     0 | D        | Found the +6 Majin-Bo {vamp, Archmagi MP+6 Int+6}
     0 | D        | Found the +7 great mace "Firestarter" {inner flame, rF++}
     0 | D        | Fang the Minotaur Berserker began the quest for the Orb.
     0 | D        | Reached XP level 1. HP: 19/19 MP: 0/0
     5 | D        | Found a blossoming altar of Fedhas.
     6 | D        | Found a viscous altar of Jiyva.
     6 | D        | Found a hazy altar of Hepliaklqana.
     6 | D        | Found a transporter.
     6 | D        | Found an opulent altar of Gozag.
     6 | D        | Found an ancient bone altar of Kikubaaqudgha.
     6 | D        | Found a corrupted altar of Lugonu.
    12 | D        | Found a burning altar of Makhleb.
    16 | D        | Found a sacrificial altar of Ru.
    16 | D        | Found a stormy altar of Qazlal.
    16 | D        | Found a deep blue altar of Sif Muna.
    16 | D        | Found an iron altar of Okawaru.
    16 | D        | Found a bloodstained altar of Trog.
    16 | D        | Found a sparkling altar of Nemelex Xobeh.
    77 | D        | Entered arena 2.
    77 | D        | Noticed an ogre
    77 | D        | Noticed an ogre
    77 | D        | Found a transporter.
    78 | D        | Found the +8 Wrath of Trog {antimagic, *Rage}
    80 | D        | Killed an ogre
    80 | D        | Reached skill level 7 in Axes
    80 | D        | Reached skill level 1 in Polearms
    80 | D        | Reached XP level 2. HP: 34/34 MP: 1/1
    80 | D        | Reached XP level 3. HP: 39/39 MP: 2/2
    80 | D        | Reached XP level 4. HP: 47/47 MP: 3/3
    82 | D        | Killed an ogre
    82 | D        | Reached skill level 8 in Axes
    82 | D        | Reached XP level 5. HP: 56/56 MP: 4/4
    98 | D        | Got the ring "Fitidoreeh" {rElec rF+ rC- rN+ MP+9}
   130 | D        | Entered arena 3.
   130 | D        | Noticed a centaur
   130 | D        | Noticed a centaur
   130 | D        | Noticed a centaur
   130 | D        | Found a transporter.
   135 | D        | Killed a centaur
   135 | D        | Reached ** piety under Trog
   135 | D        | Reached skill level 9 in Axes
   135 | D        | Reached skill level 5 in Armour
   135 | D        | Killed a centaur
   135 | D        | Reached skill level 10 in Fighting
   135 | D        | Reached skill level 10 in Axes
   135 | D        | Reached XP level 6. HP: 66/66 MP: 1/5
   136 | D        | Reached skill level 11 in Axes
   136 | D        | Reached skill level 5 in Dodging
   232 | D        | Entered arena 4.
   232 | D        | Noticed a floating eye
   232 | D        | Noticed a slime creature
   232 | D        | Found a transporter.
   236 | D        | Paralysed by a floating eye for 3 turns
   240 | D        | Reached *** piety under Trog
   241 | D        | Killed a floating eye
   241 | D        | Reached XP level 7. HP: 74/74 MP: 0/6
   242 | D        | Killed a slime creature
   242 | D        | Reached skill level 12 in Axes
   246 | D        | Received a gift from Trog
   246 | D        | Reached **** piety under Trog
   339 | D        | Entered arena 5.
   339 | D        | Found a transporter.
   343 | D        | Reached skill level 13 in Axes
   357 | D        | Reached ***** piety under Trog
   378 | D        | Entered arena 6.
   378 | D        | Noticed a ynoxinul
   378 | D        | Noticed a thrashing horror
   378 | D        | Found a transporter.
   383 | D        | Killed a thrashing horror
   383 | D        | Received a gift from Trog
   383 | D        | Reached skill level 14 in Axes
   383 | D        | Reached XP level 8. HP: 86/86 MP: 2/7
   387 | D        | Received a gift from Trog
   442 | D        | Reached skill level 15 in Axes
   442 | D        | Reached skill level 5 in Polearms
   442 | D        | Reached skill level 1 in Throwing
   442 | D        | Reached XP level 9. HP: 95/95 MP: 2/8
   443 | D        | Entered arena 7.
   443 | D        | Noticed a spiny frog
   444 | D        | Found the +0 Maxwell's etheric cage {RegenMP+ *Contam rElec MP+4}
   446 | D        | Found a transporter.
   448 | D        | Killed a spiny frog
   452 | D        | Reached skill level 16 in Axes
   452 | D        | Reached XP level 10. HP: 104/104 MP: 3/9
   468 | D        | Got the +1 pair of boots of the Louse {*Contam +Blink rPois Stlth+}
   478 | D        | Got the +6 chain mail "Ichamnim" {Str+3}
   507 | D        | Entered arena 8.
   507 | D        | Noticed a cyclops
   507 | D        | Noticed a cyclops
   507 | D        | Noticed a two-headed ogre
   507 | D        | Noticed a cyclops
   509 | D        | Found a transporter.
   513 | D        | Killed a two-headed ogre
   513 | D        | Reached skill level 15 in Fighting
   513 | D        | Reached skill level 17 in Axes
   516 | D        | Killed a cyclops
   516 | D        | Reached ****** piety under Trog
   518 | D        | Killed a cyclops
   518 | D        | Reached skill level 18 in Axes
   523 | D        | Killed a cyclops
   523 | D        | Received a gift from Trog
   552 | D        | Got the ring of Gemposk {MR+ Int+4}
   789 | D        | Entered arena 9.
   789 | D        | Noticed a purple ugly thing
   789 | D        | Noticed a purple ugly thing
   789 | D        | Noticed a red ugly thing
   789 | D        | Noticed a brown ugly thing
   790 | D        | Found a transporter.
   793 | D        | Killed a purple ugly thing
   794 | D        | Killed a purple ugly thing
   794 | D        | Reached skill level 19 in Axes
   796 | D        | Killed a red ugly thing
   799 | D        | Killed a purple ugly thing
   802 | D        | Reached XP level 11. HP: 116/116 MP: 0/10
   873 | D        | Entered arena 10.
   874 | D        | Found a transporter.
   875 | D        | Received a gift from Trog
   885 | D        | Reached skill level 20 in Axes
   938 | D        | Entered arena 11.
   939 | D        | Found a transporter.
   941 | D        | Received a gift from Trog
   946 | D        | Received a gift from Trog
  1004 | D        | Entered arena 12.
  1004 | D        | Noticed a fire giant
  1004 | D        | Noticed a two-headed ogre
  1004 | D        | Noticed a two-headed ogre
  1006 | D        | Noticed a two-headed ogre
  1007 | D        | Found a transporter.
  1009 | D        | Killed a two-headed ogre
  1010 | D        | Killed a two-headed ogre
  1010 | D        | Received a gift from Trog
  1012 | D        | Killed a fire giant
  1012 | D        | Reached skill level 21 in Axes
  1012 | D        | Reached skill level 10 in Armour
  1014 | D        | Killed a two-headed ogre
  1019 | D        | Reached skill level 22 in Axes
  1020 | D        | Received a gift from Trog
  1045 | D        | Received a gift from Trog
  1050 | D        | Got the +2 pair of gloves of Tartarus {MR- Int+5}
  1081 | D        | Entered arena 13.
  1082 | D        | Noticed a naga warrior
  1082 | D        | Noticed an anaconda
  1083 | D        | Found a transporter.
  1086 | D        | Killed an anaconda
  1089 | D        | Received a gift from Trog
  1090 | D        | Reached XP level 12. HP: 129/129 MP: 3/11
  1094 | D        | Reached skill level 23 in Axes
  1101 | D        | Killed a naga warrior
  1101 | D        | Received a gift from Trog
  1185 | D        | Entered arena 14.
  1187 | D        | Noticed a purple very ugly thing
  1187 | D        | Noticed a two-headed ogre
  1187 | D        | a swamp worm changed into a two-headed ogre
  1187 | D        | Noticed an anaconda
  1187 | D        | a merfolk changed into an anaconda
  1188 | D        | Found a transporter.
  1188 | D        | an anaconda changed into a water nymph
  1188 | D        | Gained mutation: You are frail. (-10% HP) [a shining eye]
  1189 | D        | a two-headed ogre changed into an eye of devastation
  1191 | D        | Noticed a two-headed ogre
  1191 | D        | a dream sheep changed into a two-headed ogre
  1192 | D        | Received a gift from Trog
  1193 | D        | a two-headed ogre changed into a swamp dragon
  1197 | D        | Killed a purple very ugly thing
  1197 | D        | Noticed an alligator
  1197 | D        | a water nymph changed into an alligator
  1201 | D        | Received a gift from Trog
  1203 | D        | Killed an alligator
  1208 | D        | Reached skill level 24 in Axes
  1228 | D        | Received a gift from Trog
  1503 | D        | Entered arena 15.
  1504 | D        | Noticed a black draconian
  1504 | D        | Noticed a green draconian
  1504 | D        | Noticed a black draconian
  1504 | D        | Noticed a white draconian
  1504 | D        | Noticed a red draconian
  1504 | D        | Noticed an Orb Guardian
  1505 | D        | Noticed a storm dragon
  1505 | D        | Noticed a black draconian
  1505 | D        | Noticed a red draconian
  1505 | D        | Noticed an Orb Guardian
  1505 | D        | Noticed a red draconian
  1507 | D        | Noticed a red draconian
  1508 | D        | Noticed a green draconian
  1509 | D        | Killed an Orb Guardian
  1514 | D        | Killed a green draconian
  1514 | D        | Killed a black draconian
  1518 | D        | Killed a red draconian
  1518 | D        | Received a gift from Trog
  1518 | D        | Killed a black draconian
  1519 | D        | Found a transporter.
  1521 | D        | Killed a red draconian
  1521 | D        | Reached skill level 25 in Axes
  1521 | D        | Reached XP level 13. HP: 40/129 MP: 4/12
  1523 | D        | Killed a green draconian
  1523 | D        | Killed an Orb Guardian
  1524 | D        | Killed a white draconian
  1524 | D        | Killed a red draconian
  1526 | D        | Killed a black draconian
  1526 | D        | Received a gift from Trog
  1527 | D        | Killed a storm dragon
  1527 | D        | Reached skill level 26 in Axes
  1529 | D        | Killed a red draconian
  1539 | D        | Got the amulet of the Blind Eye {Inacc Dex+4}
  1541 | D        | Received a gift from Trog
  1903 | D        | Entered arena 16.
  1908 | D        | Found the +8 autumn katana {slice, Clar}
  1910 | D        | Received a gift from Trog
  1915 | D        | Found a transporter.
  1916 | D        | Received a gift from Trog
  1935 | D        | Got the +6 scale mail "Vinauck" {rElec Stlth+}
  1972 | D        | Entered arena 17.
  1978 | D        | Noticed a nagaraja
  1979 | D        | Found a transporter.
  1987 | D        | Received a gift from Trog
  1988 | D        | Received a gift from Trog
  2000 | D        | Received a gift from Trog
  2006 | D        | Killed a nagaraja
  2405 | D        | Received a gift from Trog
  2423 | D        | Entered arena 18.
  2426 | D        | Noticed a nagaraja
  2428 | D        | Noticed a nagaraja
  2428 | D        | Noticed a nagaraja
  2429 | D        | Found a transporter.
  2434 | D        | Received a gift from Trog
  2434 | D        | Reached skill level 27 in Axes
  2439 | D        | Received a gift from Trog
  2441 | D        | Killed a nagaraja
  2441 | D        | Reached skill level 15 in Armour
  2441 | D        | Reached XP level 14. HP: 145/145 MP: 4/13
  2442 | D        | Killed a nagaraja
  2442 | D        | Received a gift from Trog
  2442 | D        | Reached skill level 10 in Dodging
  2443 | D        | Killed a nagaraja
  2446 | D        | Received a gift from Trog
  2497 | D        | Got the ring "Ufuo" {rF+ MR+ Dex+4}
  2848 | D        | Entered arena 19.
  2851 | D        | Noticed a stone giant
  2851 | D        | Noticed a stone giant
  2852 | D        | Noticed a stone giant
  2853 | D        | Noticed a shadow dragon
  2853 | D        | Noticed a stone giant
  2854 | D        | Found a transporter.
  2859 | D        | Received a gift from Trog
  2863 | D        | HP: 2/148 [shadow dragon (12)]
  2863 | D        | Slain by a shadow dragon

Skill      XL: |  1  2  3  4  5  6  7  8  9 10 11 12 13 14 |
---------------+-------------------------------------------+-----
Fighting       | 7 8 10 11 13 14 16 18 21 25 26 | 26.1
Axes           | 7 8 10 11 14 15 16 19 22 25 27 | 27.0
Polearms       | 1 2 3 4 5 6 |  6.2
Armour         | 4 5 6 7 8 11 13 15 | 15.9
Dodging        | 3 4 5 6 7 8 9 10 | 10.6
Throwing       | 1 |  1.5
Stealth        | 2 3 4 |  4.8

Action                   |  1- 3 |  4- 6 |  7- 9 | 10-12 | 13-15 || total
-------------------------+-------+-------+-------+-------+-------++-------
Melee: Demon trident     |     2 |     2 |       |       |       ||     4
       Battleaxe         |       |     6 |    17 |    94 |    67 ||   184
       Headbutt          |       |     3 |     2 |    25 |    17 ||    47
Invok: Berserk           |     1 |     1 |     1 |     4 |     2 ||     9
       Burn Spellbooks   |       |       |     2 |     5 |     3 ||    10
  Use: Potion            |       |       |     1 |       |     2 ||     3
 Stab: Distracted        |       |       |     1 |       |       ||     1
  Eat: Chunk             |       |       |     1 |     6 |     3 ||    10
       Ration            |       |       |       |       |     1 ||     1
Armor: Shadow dragon sca |       |    10 |     5 |       |       ||    15
       Chain mail        |       |       |       |    49 |     8 ||    57
       Scale mail        |       |       |       |       |    26 ||    26
Dodge: Dodged            |       |     8 |    13 |    45 |    63 ||   129
